[Event "12th National Amateur Chess-ch 2025"]
[Site "Bihar"]
[Date "2025.03.28"]
[Round "6.18"]
[White "Disha U A"]
[Black "Kashvy Sabharwal"]
[Result "1/2-1/2"]
[Annotator "NA RC"]
[ECO "C10"]
[WhiteElo "1643"]
[BlackElo "1640"]
[PlyCount "62"]
[EventDate "2025.03.25"]
[EventCountry "IND"]
[SourceTitle "playchess.com"]
[Source "ChessBase"]
[SourceQuality "1"]
[TimeControl "5400+30"]

1. e4 e6 2. d4 d5 3. Nc3 Be7 4. Bd3 c5 5. exd5 exd5 6. dxc5 Nf6 7. Nf3 O-O 8. O-O Nbd7 9. Re1 Nxc5 10. h3 h6 11. Bf4 Ne6 12. Bh2 Bd7 13. Qd2 Rc8 14. Ne2 Qb6 15. Ned4 Nxd4 16. Nxd4 Bd6 17. Bxd6 Qxd6 18. c3 Rfe8 19. Rxe8+ Rxe8 20. Re1 Ne4 21. Bxe4 dxe4 22. Nb3 Qxd2 23. Nxd2 f5 24. f3 exf3 25. Rxe8+ Bxe8 26. Nxf3 Kf7 27. Kf2 Kf6 28. Nd4 Ke5 29. Ke3 f4+ 30. Kd3 Bg6+ 31. Kd2 Be4 1/2-1/2

[Event "12th National Amateur Chess-ch 2025"]
[Site "Bihar"]
[Date "2025.03.28"]
[Round "6.19"]
[White "Tanisha Khandelwal"]
[Black "Maya Ameen"]
[Result "0-1"]
[Annotator "NA RC"]
[ECO "D02"]
[WhiteElo "1564"]
[BlackElo "1635"]
[PlyCount "98"]
[EventDate "2025.03.25"]
[EventCountry "IND"]
[SourceTitle "playchess.com"]
[Source "ChessBase"]
[SourceQuality "1"]
[TimeControl "5400+30"]

1. d4 d5 2. Nf3 Nf6 3. Bf4 c5 4. e3 Nc6 5. c3 Qb6 6. Qb3 c4 7. Qxb6 axb6 8. Na3 Bf5 9. Nh4 Bg6 10. Nxg6 hxg6 11. Be2 e6 12. O-O Bxa3 13. bxa3 Rxa3 14. Rfb1 Ne4 15. Bf3 Nxc3 16. Rxb6 Ra7 17. a3 Kd7 18. h3 Rha8 19. Rc1 Na4 20. Rbb1 Nd8 21. e4 dxe4 22. Bxe4 Rc8 23. Be3 Ra6 24. Bxb7 Nxb7 25. Rxb7+ Ke8 26. Rb4 c3 27. Rc2 Nb6 28. Rb3 Nd5 29. Kh2 Ra4 30. Kg1 Kd7 31. Kh2 Kc6 32. Kg1 Rc7 33. Kf1 Rb7 34. Rxb7 Kxb7 35. Ra2 Kc6 36. g3 Kb5 37. Ke2 Kc4 38. Ra1 c2 39. Rc1 Kc3 40. Bd2+ Kb2 41. Rf1 Nc3+ 42. Kd3 Nd1 43. Ke2 Rxd4 44. a4 Rxa4 45. f3 Ra1 46. g4 Rb1 47. h4 Nc3+ 48. Bxc3+ Kxc3 49. Rxb1 cxb1=Q 0-1

[Event "12th National Amateur Chess-ch 2025"]
[Site "Bihar"]
[Date "2025.03.28"]
[Round "6.20"]
[White "Harole Sara"]
[Black "Vidhi Angelina"]
[Result "1-0"]
[Annotator "NA RC"]
[ECO "B15"]
[WhiteElo "1509"]
[BlackElo "1620"]
[PlyCount "69"]
[EventDate "2025.03.25"]
[EventCountry "IND"]
[SourceTitle "playchess.com"]
[Source "ChessBase"]
[SourceQuality "1"]
[TimeControl "5400+30"]

1. e4 c6 2. d4 d5 3. Nc3 dxe4 4. Nxe4 Nf6 5. Nxf6+ exf6 6. Nf3 Bg4 7. Be2 Bd6 8. O-O O-O 9. c3 Re8 10. h3 Bh5 11. Re1 Bc7 12. Be3 Qd6 13. g3 Rxe3 14. g4 Bxg4 15. hxg4 Re4 16. Bd3 Rxg4+ 17. Kf1 Nd7 18. Ne5 Rh4 19. Nf3 Rh1+ 20. Kg2 Rh6 21. Rh1 Qf4 22. Rxh6 Qxh6 23. Qb3 Nb6 24. Rh1 Qf4 25. Rh4 Qd6 26. Bxh7+ Kf8 27. Bc2 Qe6 28. c4 Rd8 29. Qa3+ c5 30. d5 Qe2 31. Bd3 Qd1 32. Qxc5+ Bd6 33. Qe3 Kg8 34. Bh7+ Kf8 35. Bc2 1-0

[Event "12th National Amateur Chess-ch 2025"]
[Site "Bihar"]
[Date "2025.03.28"]
[Round "7.1"]
[White "Ayaan Garg"]
[Black "Utkrisht Tuli"]
[Result "1/2-1/2"]
[Annotator "NA RC"]
[ECO "D31"]
[WhiteElo "1983"]
[BlackElo "2020"]
[PlyCount "79"]
[EventDate "2025.03.25"]
[EventCountry "IND"]
[SourceTitle "playchess.com"]
[Source "ChessBase"]
[SourceQuality "1"]
[TimeControl "5400+30"]

1. d4 d5 2. c4 e6 3. Nf3 a6 4. cxd5 exd5 5. Nc3 c6 6. g3 Nf6 7. Bg2 Be7 8. O-O O-O 9. Bf4 Re8 10. Rc1 Bf5 11. Qb3 Ra7 12. Ne5 Be6 13. Rfd1 Nbd7 14. Qc2 Ra8 15. Nd3 Bf5 16. Qb3 Qb6 17. Qxb6 Nxb6 18. Bc7 Bd8 19. Bxb6 Bxb6 20. e3 Re7 21. b4 Ne4 22. Nxe4 Bxe4 23. Bxe4 dxe4 24. Nc5 Rd8 25. Rb1 f5 26. a4 Rd5 27. a5 Ba7 28. Na4 Kf7 29. Rbc1 Rd8 30. h4 g6 31. Kg2 h6 32. Rh1 Kf6 33. Nb2 Rh7 34. Na4 Rg7 35. Nb2 g5 36. hxg5+ hxg5 37. Rh6+ Kf7 38. Rch1 f4 39. gxf4 gxf4+ 40. Kf1 1/2-1/2

[Event "12th National Amateur Chess-ch 2025"]
[Site "Bihar"]
[Date "2025.03.28"]
[Round "7.2"]
[White "Anadkat Kartavya"]
[Black "Sham R"]
[Result "1-0"]
[Annotator "RC"]
[ECO "C58"]
[WhiteElo "2175"]
[BlackElo "2128"]
[PlyCount "95"]
[EventDate "2025.03.25"]
[EventCountry "IND"]
[SourceTitle "playchess.com"]
[Source "ChessBase"]
[SourceQuality "1"]
[TimeControl "5400+30"]

1. e4 e5 2. Nf3 Nc6 3. Bc4 Nf6 4. Ng5 d5 5. exd5 Na5 6. Bb5+ c6 7. dxc6 bxc6 8. Bd3 Nd5 9. Nf3 Bd6 10. O-O Nf4 11. Re1 Nxd3 12. cxd3 O-O 13. Nc3 Re8 14. b3 c5 15. Ne4 Nc6 16. Ba3 Nb4 17. Nxd6 Qxd6 18. d4 cxd4 19. Bxb4 Qxb4 20. Nxe5 Be6 21. Nd3 Qb5 22. Qf3 Bd5 23. Qg3 Be4 24. Nf4 a5 25. h4 h6 26. Rac1 Bf5 27. Nh5 Bg6 28. Nf4 Bf5 29. Kh2 a4 30. bxa4 Qxa4 31. Nh5 Bg6 32. Nxg7 Kxg7 33. h5 Ra6 34. Rxe8 Qxe8 35. hxg6 Rxg6 36. Qf4 Qd8 37. Rc5 Rg5 38. Rf5 f6 39. a4 Rxf5 40. Qxf5 Qc7+ 41. g3 Qc4 42. Qb5 Qe6 43. a5 Qa2 44. a6 Qxd2 45. Qb7+ Kg6 46. a7 d3 47. a8=Q Qxf2+ 48. Qg2 1-0

[Event "12th National Amateur Chess-ch 2025"]
[Site "Bihar"]
[Date "2025.03.28"]
[Round "7.3"]
[White "Manav Kumar"]
[Black "Arhan Jain"]
[Result "1/2-1/2"]
[Annotator "RC"]
[ECO "A17"]
[WhiteElo "1777"]
[BlackElo "1914"]
[PlyCount "161"]
[EventDate "2025.03.25"]
[EventCountry "IND"]
[SourceTitle "playchess.com"]
[Source "ChessBase"]
[SourceQuality "1"]
[TimeControl "5400+30"]

1. Nf3 d5 2. e3 Nf6 3. c4 e6 4. Nc3 Be7 5. b3 dxc4 6. bxc4 c5 7. Be2 O-O 8. O-O b6 9. d4 cxd4 10. exd4 Bb7 11. Qc2 Nc6 12. Be3 Rc8 13. Nb1 Qc7 14. Nbd2 Na5 15. Rac1 Rfd8 16. h3 Ba3 17. Rb1 Bxf3 18. Bxf3 Nxc4 19. Qb3 Nxd2 20. Bxd2 Be7 21. Rfc1 Qd7 22. Be3 Nd5 23. Rxc8 Rxc8 24. Rc1 Rxc1+ 25. Bxc1 h6 26. a4 Bf6 27. Be3 Qc6 28. Qb5 Qxb5 29. axb5 Nc3 30. Bc6 Bxd4 31. Bd2 Nd5 32. Kf1 Nc7 33. Ke2 a6 34. bxa6 Nxa6 35. f4 Bc5 36. Bc3 Nc7 37. Be5 Nd5 38. Bd7 Kf8 39. f5 exf5 40. Bxf5 f6 41. Be4 Ne7 42. Bb2 Nc8 43. Kd3 Nd6 44. Bd5 Ke7 45. g4 Ne8 46. Ke4 Nd6+ 47. Kd3 b5 48. Bc1 Kd7 49. Bf4 Nc8 50. Ke4 Ne7 51. Bb3 Bd6 52. Bd2 Kc6 53. Be3 Be5 54. Bf7 b4 55. Be8+ Kd6 56. Bf7 Nc6 57. Bb6 Bc3 58. Bb3 Bb2 59. Be3 Na5 60. Bd5 Bc3 61. Bb6 b3 62. Bxa5 b2 63. Ba2 Bxa5 64. Kd4 Bd2 65. Kd3 Bc1 66. Kd4 g6 67. Bb1 g5 68. Ke4 Bf4 69. h4 Kc5 70. h5 Be5 71. Kf5 Kd4 72. Kg6 Ke3 73. Kxh6 Kf4 74. Bf5 b1=Q 75. Bxb1 Kxg4 76. Kg6 Kf4 77. h6 g4 78. h7 f5 79. Bxf5 g3 80. Bh3 Kf3 81. Kf7 1/2-1/2

[Event "12th National Amateur Chess-ch 2025"]
[Site "Bihar"]
[Date "2025.03.28"]
[Round "7.4"]
[White "Vidit Sethi"]
[Black "Shahan Vohra"]
[Result "1-0"]
[Annotator "NA RC"]
[ECO "E09"]
[WhiteElo "1832"]
[BlackElo "1649"]
[PlyCount "103"]
[EventDate "2025.03.25"]
[EventCountry "IND"]
[SourceTitle "playchess.com"]
[Source "ChessBase"]
[SourceQuality "1"]
[TimeControl "5400+30"]

1. d4 d5 2. c4 e6 3. Nf3 Nf6 4. g3 Be7 5. Bg2 O-O 6. Nbd2 Nbd7 7. O-O c6 8. Qc2 b6 9. e4 Bb7 10. e5 Ne8 11. cxd5 exd5 12. Rd1 Nc7 13. Nf1 c5 14. dxc5 bxc5 15. b3 Ne6 16. Bb2 d4 17. Qe2 Rc8 18. Rac1 Qb6 19. N1d2 Rce8 20. h4 Kh8 21. Nc4 Qa6 22. Qc2 f5 23. exf6 Bxf6 24. Qd3 Nb6 25. Nd6 Qxd3 26. Rxd3 Ba6 27. Nxe8 Bxd3 28. Nxf6 Rxf6 29. Ne5 Ba6 30. a4 Bc8 31. a5 Nd7 32. Nc6 a6 33. Ne7 Rf8 34. Bh3 Bb7 35. Bxe6 Ne5 36. Bd5 Nd3 37. Bxb7 Nxc1 38. Bxc1 Re8 39. Bxa6 Rxe7 40. Bd2 d3 41. Kf1 Rd7 42. Bc4 h5 43. Ke1 Kh7 44. Be3 Kg6 45. Kd2 Kf5 46. Bxc5 Ke5 47. a6 Rd8 48. a7 g6 49. b4 Ra8 50. b5 Rd8 51. b6 Ra8 52. b7 1-0

[Event "12th National Amateur Chess-ch 2025"]
[Site "Bihar"]
[Date "2025.03.28"]
[Round "7.5"]
[White "Pradeep Tiwari"]
[Black "Archisman Patra"]
[Result "1/2-1/2"]
[Annotator "NA RC"]
[ECO "D46"]
[WhiteElo "1979"]
[BlackElo "1791"]
[PlyCount "63"]
[EventDate "2025.03.25"]
[EventCountry "IND"]
[SourceTitle "playchess.com"]
[Source "ChessBase"]
[SourceQuality "1"]
[TimeControl "5400+30"]

1. d4 d5 2. Nf3 Nf6 3. c4 c6 4. e3 e6 5. Nc3 Nbd7 6. Bd3 Bd6 7. O-O O-O 8. e4 dxe4 9. Nxe4 Nxe4 10. Bxe4 Nf6 11. Bc2 h6 12. Qe2 b6 13. Rd1 Bb7 14. c5 Bc7 15. Ne5 Qe7 16. b3 bxc5 17. dxc5 Qxc5 18. Bb2 Rfd8 19. Rxd8+ Rxd8 20. Rc1 Qe7 21. Qf3 Rd5 22. Nc4 Rd8 23. g3 Ba8 24. Bxf6 Qxf6 25. Qxf6 gxf6 26. Be4 f5 27. Bf3 Kg7 28. Ne3 Bb6 29. Nc4 Bc7 30. Ne3 Bb6 31. Nc4 Bc7 32. Ne3 1/2-1/2

[Event "12th National Amateur Chess-ch 2025"]
[Site "Bihar"]
[Date "2025.03.28"]
[Round "7.6"]
[White "Aman Balana"]
[Black "Shejal Sahil Sanjay"]
[Result "1-0"]
[Annotator "NA RC"]
[ECO "B03"]
[WhiteElo "1827"]
[BlackElo "1864"]
[PlyCount "95"]
[EventDate "2025.03.25"]
[EventCountry "IND"]
[SourceTitle "playchess.com"]
[Source "ChessBase"]
[SourceQuality "1"]
[TimeControl "5400+30"]

1. e4 Nf6 2. e5 Nd5 3. d4 d6 4. c4 Nb6 5. exd6 exd6 6. Nc3 Be7 7. Bd3 Bf6 8. Nge2 Nc6 9. Be3 d5 10. c5 Nc4 11. Qc2 Nxe3 12. fxe3 g6 13. O-O Bg7 14. Nf4 Ne7 15. b4 O-O 16. b5 c6 17. Rab1 Nf5 18. Qf2 Bd7 19. bxc6 bxc6 20. Rb7 Qe7 21. Bxf5 gxf5 22. Nh5 f6 23. Qg3 Rf7 24. Nxd5 cxd5 25. c6 Rd8 26. Rxa7 Kh8 27. cxd7 Bh6 28. Rf3 Rxd7 29. Ra8+ Rd8 30. Rxd8+ Qxd8 31. Rxf5 Qc8 32. Rf1 Qc3 33. Nf4 Rg7 34. Qf3 Qc2 35. Qxd5 Bxf4 36. exf4 Ra7 37. Qc5 Qxc5 38. dxc5 Rxa2 39. Rc1 Ra7 40. c6 Rc7 41. Kf2 Kg8 42. Ke3 Kf7 43. Kd4 Ke7 44. Kc5 Kd8 45. Kb6 Re7 46. Rd1+ Kc8 47. Ra1 Kb8 48. c7+ 1-0

[Event "12th National Amateur Chess-ch 2025"]
[Site "Bihar"]
[Date "2025.03.28"]
[Round "7.7"]
[White "Gurung Rohit"]
[Black "Ebenezer, Joseph"]
[Result "1-0"]
[Annotator "RC"]
[ECO "C00"]
[WhiteElo "1902"]
[BlackElo "1961"]
[PlyCount "121"]
[EventDate "2025.03.25"]
[EventCountry "IND"]
[SourceTitle "playchess.com"]
[Source "ChessBase"]
[SourceQuality "1"]
[TimeControl "5400+30"]

1. e4 e6 2. Qe2 e5 3. Nf3 Nc6 4. c3 g6 5. d4 Bg7 6. dxe5 Nxe5 7. Nxe5 Bxe5 8. Be3 d6 9. Nd2 Qe7 10. O-O-O Bg7 11. g4 Qe6 12. Kb1 Qxg4 13. f3 Qh5 14. Rg1 h6 15. Nb3 Ne7 16. Bd4 O-O 17. Bxg7 Kxg7 18. Nd4 a6 19. Qe3 f5 20. Bc4 f4 21. Qf2 Qe5 22. h4 b5 23. Bb3 c5 24. Ne2 a5 25. Bd5 Rb8 26. Nc1 Bb7 27. Bxb7 Rxb7 28. Nd3 Qf6 29. e5 Qf5 30. exd6 c4 31. Qd4+ Kh7 32. dxe7 Rxe7 33. Qc5 Re3 34. Qxf5 Rxf5 35. Ne1 g5 36. hxg5 hxg5 37. Nc2 Re7 38. Nd4 Rc5 39. Rde1 Rxe1+ 40. Rxe1 Kg6 41. Kc2 b4 42. Kd2 Kh5 43. Rh1+ Kg6 44. Rh2 Re5 45. Re2 Rc5 46. Re6+ Kh5 47. Rc6 bxc3+ 48. Kxc3 Re5 49. Kxc4 g4 50. fxg4+ Kxg4 51. Rc5 Re4 52. Kd5 Re1 53. Rxa5 Rd1 54. Kc4 f3 55. Nxf3 Kxf3 56. Re5 Rc1+ 57. Kb3 Kf4 58. Re8 Rc7 59. a4 Rb7+ 60. Ka3 Rh7 61. a5 1-0

[Event "12th National Amateur Chess-ch 2025"]
[Site "Bihar"]
[Date "2025.03.28"]
[Round "7.8"]
[White "Piyush Kumar"]
[Black "Rupesh B Ramchandra"]
[Result "1/2-1/2"]
[Annotator "NA RC"]
[ECO "B42"]
[WhiteElo "1836"]
[BlackElo "1859"]
[PlyCount "42"]
[EventDate "2025.03.25"]
[EventCountry "IND"]
[SourceTitle "playchess.com"]
[Source "ChessBase"]
[SourceQuality "1"]
[TimeControl "5400+30"]

1. e4 c5 2. Nf3 e6 3. d4 cxd4 4. Nxd4 a6 5. Bd3 Qc7 6. Qe2 b5 7. O-O Bb7 8. Kh1 Nc6 9. Be3 Nf6 10. f4 Be7 11. a3 d6 12. Nxc6 Bxc6 13. Nc3 h5 14. Bd4 Qb7 15. Rae1 Rd8 16. Bg1 Ng4 17. Bd4 Nf6 18. Bg1 Ng4 19. Bd4 Nf6 20. Bg1 Ng4 21. Bd4 Nf6 1/2-1/2

[Event "12th National Amateur Chess-ch 2025"]
[Site "Bihar"]
[Date "2025.03.28"]
[Round "7.9"]
[White "Gadge Vedant"]
[Black "Avyay Sharma"]
[Result "1-0"]
[Annotator "NA RC"]
[ECO "A08"]
[WhiteElo "1667"]
[BlackElo "1586"]
[PlyCount "81"]
[EventDate "2025.03.25"]
[EventCountry "IND"]
[SourceTitle "playchess.com"]
[Source "ChessBase"]
[SourceQuality "1"]
[TimeControl "5400+30"]

1. Nf3 d5 2. d3 c5 3. Nbd2 Nc6 4. g3 e5 5. Bg2 Nf6 6. e4 dxe4 7. dxe4 Bg4 8. c3 Qc7 9. O-O h5 10. h3 Be6 11. Ng5 Rd8 12. Nxe6 fxe6 13. Qe2 a6 14. Nf3 Be7 15. Nh4 Rg8 16. Bg5 g6 17. Qc4 Kf7 18. f4 b5 19. Qe2 Nh7 20. Bxe7 Kxe7 21. f5 gxf5 22. exf5 Rg5 23. fxe6 Kxe6 24. Qf3 Rd2 25. Rad1 Rxd1 26. Rxd1 Nd8 27. Qd3 Nf6 28. Qxd8 Qxd8 29. Rxd8 Rxg3 30. Kf2 Rg7 31. Ra8 e4 32. Rxa6+ Ke5 33. Rc6 Nd5 34. Rxc5 Rg5 35. Nf3+ exf3 36. Bxf3 Rg8 37. Rxd5+ Kf4 38. Rd4+ Ke5 39. Rb4 h4 40. Rxb5+ Kf4 41. Rb4+ 1-0

[Event "12th National Amateur Chess-ch 2025"]
[Site "Bihar"]
[Date "2025.03.28"]
[Round "7.10"]
[White "Vamsi Krishna, R."]
[Black "Devansh Keshri"]
[Result "0-1"]
[Annotator "NA RC"]
[ECO "D05"]
[WhiteElo "1620"]
[BlackElo "1633"]
[PlyCount "80"]
[EventDate "2025.03.25"]
[EventCountry "IND"]
[SourceTitle "playchess.com"]
[Source "ChessBase"]
[SourceQuality "1"]
[TimeControl "5400+30"]

1. Nf3 d5 2. d4 Nf6 3. e3 e6 4. Bd3 Be7 5. Nbd2 O-O 6. O-O b6 7. Ne5 Bb7 8. f4 Nbd7 9. Qf3 c5 10. c3 c4 11. Bc2 b5 12. g4 Nxe5 13. dxe5 Nd7 14. Qh3 g6 15. Nf3 Qc7 16. Nd4 a6 17. Bd2 Rfe8 18. Be1 Nc5 19. Bh4 Bxh4 20. Qxh4 Qe7 21. Qg3 Rac8 22. g5 Nd7 23. Rad1 Nf8 24. a3 Qc7 25. h3 Qb6 26. Qe1 Bc6 27. Nf3 Rcd8 28. Rd4 Nd7 29. Nh2 Qc5 30. Ng4 Qe7 31. Qg3 Rb8 32. Rfd1 Red8 33. Qh4 a5 34. Kh2 b4 35. axb4 axb4 36. Rxc4 dxc4 37. Rxd7 Rxd7 38. Nf6+ Qxf6 39. gxf6 Rd2+ 40. Kg1 Ra8 0-1

[Event "12th National Amateur Chess-ch 2025"]
[Site "Bihar"]
[Date "2025.03.28"]
[Round "7.11"]
[White "Prashant Kumar Singh"]
[Black "Prem Kumar"]
[Result "1-0"]
[Annotator "NA RC"]
[ECO "E90"]
[WhiteElo "1651"]
[BlackElo "1697"]
[PlyCount "79"]
[EventDate "2025.03.25"]
[EventCountry "IND"]
[SourceTitle "playchess.com"]
[Source "ChessBase"]
[SourceQuality "1"]
[TimeControl "5400+30"]

1. d4 g6 2. c4 Nf6 3. Nc3 Bg7 4. e4 d6 5. h3 O-O 6. Be3 Nbd7 7. Nf3 e5 8. d5 a5 9. Bd3 b6 10. Bc2 Ba6 11. b3 Qe7 12. Qd2 Ne8 13. g4 f6 14. O-O-O Nc5 15. a4 Bc8 16. Rdg1 Rf7 17. h4 Bh8 18. Ne2 Ng7 19. h5 Rf8 20. hxg6 hxg6 21. Bxc5 bxc5 22. Qh6 g5 23. Qxh8+ Kf7 24. Qh7 Bd7 25. Rh6 Rg8 26. Qg6+ Kf8 27. Qxf6+ Qxf6 28. Rxf6+ Ke7 29. Rg6 Raf8 30. Nxg5 Rxf2 31. Ng3 Kf8 32. Nf5 Nxf5 33. Rxg8+ Kxg8 34. exf5 Rh2 35. Ne6 c6 36. g5 cxd5 37. cxd5 Rf2 38. g6 Bc8 39. g7 c4 40. f6 1-0

[Event "12th National Amateur Chess-ch 2025"]
[Site "Bihar"]
[Date "2025.03.28"]
[Round "7.12"]
[White "Tejas Shandilya"]
[Black "Raj Aryan"]
[Result "0-1"]
[Annotator "NA RC"]
[ECO "A12"]
[WhiteElo "1675"]
[BlackElo "1630"]
[PlyCount "106"]
[EventDate "2025.03.25"]
[EventCountry "IND"]
[SourceTitle "playchess.com"]
[Source "ChessBase"]
[SourceQuality "1"]
[TimeControl "5400+30"]

1. d4 Nf6 2. Nf3 d5 3. g3 Bf5 4. Bg2 e6 5. O-O Be7 6. b3 h6 7. Bb2 Nbd7 8. Nbd2 O-O 9. c4 c6 10. Re1 a5 11. a3 Ne4 12. Nxe4 Bxe4 13. Nd2 Bxg2 14. Kxg2 f5 15. f4 Nf6 16. Nf3 Bd6 17. e3 Ne4 18. cxd5 cxd5 19. Rc1 Rc8 20. Ne5 Bxe5 21. Rxc8 Qxc8 22. dxe5 Qc6 23. Qd3 Nc5 24. Qc2 Qb5 25. Rb1 Nxb3 26. Bc3 a4 27. Bb4 Re8 28. Rd1 Qc6 29. Qxc6 bxc6 30. Bd6 Rc8 31. Rd3 c5 32. Rc3 c4 33. Kf2 Nd2 34. Ke2 Ne4 35. Bb4 Nxc3+ 36. Bxc3 Rb8 37. Kd2 Rb3 38. Bb4 Kf7 39. h3 h5 40. Bc5 Ke8 41. Kc2 Kd7 42. Kd2 Kc6 43. Be7 Kb5 44. Bd6 Rb2+ 45. Kc3 Rg2 46. Kd4 Rxg3 47. h4 Rg1 48. Bf8 g6 49. Bb4 Rd1+ 50. Kc3 Rd3+ 51. Kc2 Rxe3 52. Kd2 Rf3 53. Ke2 Rxf4 0-1

[Event "12th National Amateur Chess-ch 2025"]
[Site "Bihar"]
[Date "2025.03.28"]
[Round "7.13"]
[White "Theephigaa K P"]
[Black "Bristy Mukherjee"]
[Result "1/2-1/2"]
[Annotator "NA RC"]
[ECO "B00"]
[WhiteElo "1792"]
[BlackElo "1985"]
[PlyCount "61"]
[EventDate "2025.03.25"]
[EventCountry "IND"]
[SourceTitle "playchess.com"]
[Source "ChessBase"]
[SourceQuality "1"]
[TimeControl "5400+30"]

1. e4 b6 2. d4 Bb7 3. Bd3 Nf6 4. Qe2 e6 5. Nf3 d5 6. e5 Nfd7 7. c3 Be7 8. h4 h6 9. Bf4 Qc8 10. Nbd2 c5 11. Nf1 Ba6 12. Ng3 Bxd3 13. Qxd3 Qa6 14. Qxa6 Nxa6 15. Kd2 Rc8 16. Rac1 b5 17. Rhd1 Nb6 18. b3 O-O 19. Nh5 b4 20. cxb4 cxb4 21. Rxc8 Rxc8 22. Rc1 Rxc1 23. Kxc1 Nc7 24. Ng3 Nb5 25. Ne2 Nd7 26. g3 Nb8 27. Ne1 Nc6 28. Be3 h5 29. Nd3 g6 30. Kc2 a5 31. Kb2 1/2-1/2

[Event "12th National Amateur Chess-ch 2025"]
[Site "Bihar"]
[Date "2025.03.28"]
[Round "7.14"]
[White "Marium Fatima"]
[Black "Chinnam Vyshnavi"]
[Result "1-0"]
[Annotator "NA RC"]
[ECO "D11"]
[WhiteElo "1881"]
[BlackElo "1793"]
[PlyCount "119"]
[EventDate "2025.03.25"]
[EventCountry "IND"]
[SourceTitle "playchess.com"]
[Source "ChessBase"]
[SourceQuality "1"]
[TimeControl "5400+30"]

1. d4 d5 2. c4 c6 3. g3 Nf6 4. Bg2 h6 5. Nf3 Bf5 6. O-O e6 7. Nc3 Be7 8. Qb3 Qb6 9. c5 Qxb3 10. axb3 O-O 11. b4 a6 12. h3 Nbd7 13. g4 Bh7 14. Bf4 g5 15. Bg3 h5 16. Nxg5 hxg4 17. hxg4 Nxg4 18. Nxh7 Kxh7 19. Bf3 Rg8 20. Kg2 Rg6 21. Rh1+ Kg7 22. b5 cxb5 23. Nxb5 Rg8 24. Nc3 Nb8 25. Bxg4 Rxg4 26. Kf3 f5 27. Bxb8 Rxb8 28. Rag1 Rxg1 29. Rxg1+ Kf6 30. Ra1 Bd8 31. b4 Ke7 32. Rh1 b6 33. Rh7+ Kf6 34. e3 bxc5 35. bxc5 Rb3 36. Ne2 Be7 37. Nf4 Bf8 38. Ra7 Ra3 39. Rb7 Bh6 40. Nxe6 Bxe3 41. fxe3 Kxe6 42. Kf4 a5 43. Rb6+ Ke7 44. Rd6 Ra1 45. Kxf5 a4 46. Ra6 Ra3 47. Ra7+ Ke8 48. Kf4 Kf8 49. Ke5 Rxe3+ 50. Kxd5 a3 51. Kd6 Rh3 52. Ra8+ Kf7 53. c6 Rh6+ 54. Kd7 Rh4 55. d5 Kf6 56. c7 Rh7+ 57. Kc6 Ke7 58. c8=Q Rh6+ 59. Kc5 a2 60. Qf8+ 1-0

[Event "12th National Amateur Chess-ch 2025"]
[Site "Bihar"]
[Date "2025.03.28"]
[Round "7.15"]
[White "Vakcheri Mohitha"]
[Black "Arushi Severin Helen D Silva"]
[Result "0-1"]
[Annotator "NA RC"]
[ECO "E51"]
[WhiteElo "1778"]
[BlackElo "1746"]
[PlyCount "100"]
[EventDate "2025.03.25"]
[EventCountry "IND"]
[SourceTitle "playchess.com"]
[Source "ChessBase"]
[SourceQuality "1"]
[TimeControl "5400+30"]

1. d4 Nf6 2. c4 e6 3. Nc3 Bb4 4. e3 d5 5. Bd3 O-O 6. Nf3 h6 7. O-O Nbd7 8. a3 Bxc3 9. bxc3 b6 10. cxd5 exd5 11. a4 a5 12. Bb2 Bb7 13. Ne5 Nxe5 14. dxe5 Nd7 15. f4 Re8 16. Qg4 Nc5 17. Bc2 Qe7 18. Ba3 Ba6 19. Rfd1 Rad8 20. Qf5 g6 21. Qg4 Kg7 22. Kh1 Qe6 23. f5 Qxe5 24. fxg6 f6 25. h3 Bc8 26. Qh4 Qg5 27. Qxg5 hxg5 28. Re1 Ne4 29. Bxe4 Rxe4 30. Bc1 Bd7 31. Bd2 Bxa4 32. Kg1 Kxg6 33. Kf2 Bc6 34. Reb1 a4 35. Ra3 b5 36. Rb2 Be8 37. Rb1 c5 38. Rb2 Rb8 39. Ra1 b4 40. cxb4 cxb4 41. Rab1 b3 42. Bc3 Rc4 43. Bd4 Rbc8 44. Kg3 Bd7 45. Rf1 f5 46. Kf3 Rc2 47. Rfb1 Bb5 48. Kg3 Bd3 49. Kf3 Be4+ 50. Kg3 a3 0-1

[Event "12th National Amateur Chess-ch 2025"]
[Site "Bihar"]
[Date "2025.03.28"]
[Round "7.16"]
[White "Nivedita V C"]
[Black "Aamuktha Guntaka"]
[Result "1/2-1/2"]
[Annotator "RC"]
[ECO "E05"]
[WhiteElo "1950"]
[BlackElo "1910"]
[PlyCount "105"]
[EventDate "2025.03.25"]
[EventCountry "IND"]
[SourceTitle "playchess.com"]
[Source "ChessBase"]
[SourceQuality "1"]
[TimeControl "5400+30"]

1. d4 Nf6 2. Nf3 e6 3. g3 Be7 4. c4 d5 5. Bg2 O-O 6. O-O dxc4 7. Qc2 a6 8. a4 Bd7 9. Qxc4 Bc6 10. Nc3 Nbd7 11. Bd2 Ne4 12. Nxe4 Bxe4 13. Rfc1 c5 14. dxc5 Bd5 15. Qg4 f5 16. Qf4 Nxc5 17. Bb4 Bd6 18. Ne5 Ne4 19. Bxd6 Qxd6 20. Nd3 Qxf4 21. Nxf4 Rac8 22. Bxe4 fxe4 23. e3 Bc4 24. Ra3 e5 25. Rac3 exf4 26. Rxc4 Rxc4 27. Rxc4 fxe3 28. fxe3 Rd8 29. b4 b5 30. axb5 axb5 31. Rxe4 Rd2 32. Re5 Rd3 33. Rxb5 Rxe3 34. Rb7 Re2 35. b5 Rb2 36. Rb8+ Kf7 37. b6 Kg6 38. b7 h6 39. Kf1 h5 40. Ke1 Kg5 41. h3 Kg6 42. Kd1 Kh7 43. Kc1 Rb3 44. Kc2 Rb4 45. Kc3 Rb1 46. Kd4 Rb2 47. Ke5 Re2+ 48. Kf5 Rb2 49. Kg5 Rb5+ 50. Kf4 Rb1 51. Ke5 Re1+ 52. Kf4 Rb1 53. Ke4 1/2-1/2

[Event "12th National Amateur Chess-ch 2025"]
[Site "Bihar"]
[Date "2025.03.28"]
[Round "7.17"]
[White "Aayusree Sarkar"]
[Black "Maya Ameen"]
[Result "1/2-1/2"]
[Annotator "NA RC"]
[ECO "C54"]
[WhiteElo "1677"]
[BlackElo "1635"]
[PlyCount "66"]
[EventDate "2025.03.25"]
[EventCountry "IND"]
[SourceTitle "playchess.com"]
[Source "ChessBase"]
[SourceQuality "1"]
[TimeControl "5400+30"]

1. e4 e5 2. Nf3 Nc6 3. Bc4 Bc5 4. c3 Nf6 5. d4 exd4 6. e5 d5 7. Bb5 Ne4 8. cxd4 Bb6 9. Be3 O-O 10. Nbd2 Nxd2 11. Nxd2 Nxd4 12. Bd3 Bf5 13. Bxf5 Nxf5 14. Bxb6 axb6 15. O-O Nd4 16. f4 f6 17. Nf3 Nxf3+ 18. Rxf3 fxe5 19. fxe5 c6 20. Qe2 Rxf3 21. Qxf3 Qe7 22. Re1 Rxa2 23. e6 Ra8 24. Qb3 Qc5+ 25. Kh1 Re8 26. Qg3 Qe7 27. h3 b5 28. Qe5 Rd8 29. Rf1 Rf8 30. Rxf8+ Qxf8 31. e7 Qe8 32. Qe6+ Kh8 33. Qd6 Kg8 1/2-1/2

[Event "12th National Amateur Chess-ch 2025"]
[Site "Bihar"]
[Date "2025.03.28"]
[Round "7.18"]
[White "Kashvy Sabharwal"]
[Black "Harole Sara"]
[Result "1-0"]
[Annotator "NA RC"]
[ECO "D02"]
[WhiteElo "1640"]
[BlackElo "1509"]
[PlyCount "43"]
[EventDate "2025.03.25"]
[EventCountry "IND"]
[SourceTitle "playchess.com"]
[Source "ChessBase"]
[SourceQuality "1"]
[TimeControl "5400+30"]

1. d4 Nf6 2. Bf4 d5 3. Nf3 Bf5 4. e3 e6 5. Bd3 Bg6 6. Ne5 Nbd7 7. Nxg6 hxg6 8. c3 Nh5 9. Qg4 Nxf4 10. exf4 Nf6 11. Qe2 c5 12. Nd2 cxd4 13. cxd4 Qb6 14. Nf3 Bb4+ 15. Kf1 a6 16. g3 Rc8 17. Kg2 Nd7 18. Bc2 O-O 19. h4 Rc7 20. h5 gxh5 21. Ng5 Rfc8 22. Qxh5 1-0

[Event "12th National Amateur Chess-ch 2025"]
[Site "Bihar"]
[Date "2025.03.29"]
[Round "8.1"]
[White "Ayaan Garg"]
[Black "Anadkat Kartavya"]
[Result "1/2-1/2"]
[Annotator "RC"]
[ECO "E24"]
[WhiteElo "1983"]
[BlackElo "2175"]
[PlyCount "42"]
[EventDate "2025.03.25"]
[EventCountry "IND"]
[SourceTitle "playchess.com"]
[Source "ChessBase"]
[SourceQuality "1"]
[TimeControl "5400+30"]

1. d4 Nf6 2. c4 e6 3. Nc3 Bb4 4. f3 c5 5. a3 Bxc3+ 6. bxc3 d6 7. e4 Nc6 8. Be3 b6 9. Bd3 Na5 10. Ne2 Ba6 11. Ng3 Qc7 12. Rc1 O-O-O 13. Qe2 h5 14. Nf1 h4 15. Nd2 e5 16. O-O Kb8 17. Kh1 Ka8 18. Kg1 Kb8 19. Kh1 Ka8 20. Kg1 Kb8 21. Kh1 Ka8 1/2-1/2